Zazza, neutral female human Tourist ----- #####....| # |<..| s .....# @ -----# B # # ### # ### -------|------ # |.>..........| ###|....^.......| #.............| -------------- Zazza the Sightseer Experience level: 3 Strength: 11 Dexterity: 10 Constitution: 18 Intelligence: 13 Wisdom: 11 Charisma: 12 Health: 0(33) Energy: 8(8) Def: 2 Gold: 1359 Moves: 2197 Dungeon seed: s02-_hdNAbN0bgiF Game ID: Zazza_1597948211 Your Inventory: Coins $ - 1359 gold pieces Weapons a - 18 blessed +2 darts (in quiver) J - a +0 orcish dagger (weapon in hand) N - a +1 orcish dagger Armor e - an uncursed +0 Hawaiian shirt (being worn) r - an uncursed +1 orcish helm z - an uncursed +0 pair of jumping boots (being worn) P - an uncursed +0 orcish helm (being worn) Comestibles b - 2 uncursed fortune cookies c - 6 uncursed food rations d - an uncursed pancake g - 2 uncursed tripe rations h - an uncursed melon i - an uncursed partly eaten cream pie j - an uncursed carrot L - an uncursed lichen corpse Scrolls l - 3 uncursed scrolls of magic mapping w - an uncursed scroll of stinking cloud M - an uncursed scroll of identify R - an uncursed scroll of light Potions k - 3 uncursed potions of extra healing p - a cursed potion of extra healing s - an uncursed potion of sickness x - a blessed potion of gain energy D - an uncursed potion of blindness K - an uncursed potion of healing Rings u - a cursed +1 ring of gain constitution named cursed O - an uncursed ring of shock resistance Wands t - a cursed wand of cancellation (0:3) Tools m - an expensive camera (0:44) n - an uncursed credit card Gems q - an uncursed topaz stone y - 2 uncursed worthless pieces of blue glass Y - an uncursed touchstone Spells and supernatural/magical abilities: Name Level Category Fail Memory W - pray for help -- divine ? -- Y - supernatural jump -- ability ? -- Your skills at the end: Fighting Skills Weapon Skills dart [Basic] Spellcasting Skills Final Attributes: You were fervently aligned. You were telepathic. You could jump. You are dead. Vanquished creatures: a small mimic a shrieker a floating eye a dwarf zombie a hobbit 2 geckos a fox 3 goblins 4 grid bugs 4 lichens 6 newts 25 creatures vanquished. Voluntary challenges: You used a wielded weapon 9 times, starting on turn 1925. You read items or engraved 3 times, starting on turn 1538. You never genocided any monsters. You never polymorphed an object. You never changed form. You used no wishes. You never split a pudding. You wrote Elbereth's name 1 time, starting on turn 1648. You never violated your personal moral code. Dungeon overview: The Dungeons of Doom: levels 1 to 6 Level 1 a long staircase Level 2 a general store Level 3 Level 4 a fountain a long staircase Level 5 a fountain Level 6 <- You were here History has recorded: On T:1 you entered the Dungeons of Doom to retrieve the Amulet of Yendor! On T:363 you reached level 2 of The Dungeons of Doom. On T:1095 you advanced to experience level 2. On T:1116 you reached level 3 of The Dungeons of Doom. On T:1149 you advanced to experience level 3. On T:1512 you reached level 4 of The Dungeons of Doom. On T:1669 you reached level 5 of The Dungeons of Doom. On T:2109 you reached level 6 of The Dungeons of Doom. Score breakdown: Gold: 790 ( 9858 points) Experience: 3 levels ( 7878 points) Exploration: 6 levels ( 11.76%) ( 9486 points) Discoveries: 1 item ( 0.34%) ( 1737 points) Valuables value: (no points given unless you survive) Artifact value: 0 ( 0 points) Variety of kills: 11 monsters ( 2.89%) ( 5097 points) Turncount: 2197 turns ( -139 points) Survival: died (score multiplied by 80%) Total score: 27133 Latest messages: You miss the cave spider. The cave spider bites! You miss the cave spider. The cave spider just misses! You miss the cave spider. The cave spider misses. You miss the cave spider. The cave spider bites! Armand misses the homunculus. (2x) The cave spider bites! The homunculus bites Armand. Armand is put to sleep by the homunculus. The homunculus misses Armand. The goblin hits! You miss the cave spider. The cave spider bites! You hear snoring snakes. You hear some noises in the distance. The cave spider just misses! The cave spider bites! (2x) The giant bat bites! (2x) You miss the giant bat. The cave spider bites! The giant bat bites! You die... Final status: Aloha Zazza the Tourist, killed by a giant bat... You died in The Dungeons of Doom on dungeon level 6 with 27133 points, and 1359 pieces of gold, after 2197 moves. You were level 3 with a maximum of 33 hit points when you died.